 Dungeon Crawl Stone Soup version 0.28.0-45-g0d030f2227 (webtiles) character file.

Game seed: 6983068281597822675

196 Hylith the Chiller (level 5, -4/41 HPs)
             Began as a Demigod Ice Elementalist on May 20, 2022.
             Slain by Pikel
             ... wielding a +1 whip of electrocution
              (19 damage)
             ... on level 3 of the Dungeon.
             The game lasted 00:07:54 (4915 turns).

Hylith the Chiller (Demigod Ice Elementalist)       Turns: 4915, Time: 00:07:55

Health: -4/41      AC:  9    Str: 12    XL:     5   Next: 21%
Magic:  14/14      EV: 12    Int: 19    God:
Gold:   69         SH:  0    Dex: 14    Spells: 11/12 levels left

rFire   + . .      SeeInvis +   x - +6 mace of Resumed Hostilities {vorpal, Will+ Str+3 Int-2 SInv}
rCold   . . .      Faith    .   (no shield)
rNeg    . . .      Spirit   .   u - +4 leather armour "Vuulexkei" {rF+ Will+}
rPois   .          Reflect  .   j - +1 helmet
rElec   .          Harm     .   (no cloak)
rCorr   .          Rampage  .   (no gloves)
Will    ++...                   (no boots)
Stlth   ++........              (no amulet)
HPRegen 0.13/turn               (no ring)
MPRegen 0.14/turn               (no ring)

@: no status effects
A: high MP 1, forlorn, divine attributes
a: no special abilities


You were on level 3 of the Dungeon.
You visited 1 branch of the dungeon, and saw 4 of its levels.

You collected 105 gold pieces.
You spent 36 gold pieces at shops.

Inventory:

Hand Weapons
 d - a +0 dagger
 o - a +3 dagger
 x - the +6 mace of Resumed Hostilities (weapon) {vorpal, Will+ Str+3 Int-2 SInv}
   (You found it on level 4 of the Dungeon)

   It inflicts extra damage upon your enemies.
   Str:       It affects your strength (+3).
   Int:       It affects your intelligence (-2).
   SInv:      It lets you see invisible.
   Will:      It increases your willpower.
Missiles
 c - 6 poisoned darts
Armour
 a - a +0 robe
 j - a +1 helmet (worn)
 u - the +4 leather armour "Vuulexkei" (worn) {rF+ Will+}
   (You found it on level 3 of the Dungeon)

   rF:        It protects you from fire.
   Will:      It increases your willpower.
Scrolls
 k - a scroll of vulnerability {unknown}
 l - a scroll of identify {unknown}
 m - 2 scrolls of enchant weapon {unknown}
 p - a scroll of holy word {unknown}
 q - a scroll of magic mapping {unknown}
 t - a scroll of enchant armour {unknown}
 v - a scroll of immolation {unknown}
 w - a scroll of silence {unknown}
Potions
 e - a potion of degeneration {unknown}
 f - a potion of heal wounds {unknown}
 g - 2 potions of magic {unknown}
 h - 2 potions of flight {unknown}
 i - 2 potions of lignification {unknown}
 n - 3 potions of attraction {unknown}
 r - a potion of resistance {unknown}


   Skills:
 + Level 1.9 Fighting
 - Level 2.0 Dodging
 - Level 2.0 Stealth
 - Level 4.0 Spellcasting
 - Level 4.0 Ice Magic


You had 11 spell levels left.
You knew the following spells:

 Your Spells              Type           Power      Damage    Failure   Level
a - Freeze                Ice            76%        1d9       3%          1

Your spell library contained the following spells:

 Spells                   Type           Power      Damage    Failure   Level
 Frozen Ramparts          Ice            38%        1d5       10%         3
 Ozocubu's Armour         Ice            19%        N/A       10%         3
 Magic Dart               Conj           12%        1d3       17%         1
 Shock                    Conj/Air       12%        1d3       17%         1
 Call Imp                 Summ           3%         N/A       26%         2
 Gell's Gravitas          Tloc           3%         N/A       45%         3
 Mephitic Cloud           Conj/Pois/Air  3%         N/A       45%         3
 Teleport Other           Tloc           3%         N/A       45%         3
 Hailstorm                Conj/Ice       11%        3d5       58%         4
 Dispersal                Tloc           1%         N/A       100%        6


Dungeon Overview and Level Annotations

Branches:
Dungeon (4/15)             Temple (0/1) D:4

Shops:
D:3 !

Annotations:
D:3 exclusion: black bear, Pikel


Innate Abilities, Weirdness & Mutations

You have an increased reservoir of magic. (+10% MP)
You shall have no god before yourself.
Your divine heritage dramatically boosts your attributes as you level up.


Message History

Level annotation: exclusion: black bear It was a potion of haste.
You feel yourself speed up.
Pikel hits you with a +1 whip of electrocution.
* * * LOW HITPOINT WARNING * * *
There is a stone staircase leading up here.
You climb upwards.
There is a stone staircase leading down here.
You start resting.
Your extra speed is starting to run out.
You start resting.
You feel yourself slow down.
You start resting.
HP restored.
You see here a +0 short sword.
You see here a +0 club.
There is a stone staircase leading down here.
You climb downwards.
Level annotation: exclusion: black bear, Pikel
There is a stone staircase leading up here.
You feel stronger.
You feel stupid.
x - the +6 mace of Resumed Hostilities (weapon)
{vorpal, Will+ Str+3 Int-2 SInv} Pikel shouts!
Pikel says, "You'll make a fine lemure."
Pikel says, "I touched Geryon's horn once."
Pikel waves his whip at you.
You hit Pikel.
Pikel is lightly wounded.
Pikel hits you but does no damage.
You hit Pikel.
Pikel is moderately wounded.
Pikel hits you with a +1 whip of electrocution.
You barely miss Pikel.
Pikel is moderately wounded.
Pikel hits you but does no damage.
You are electrocuted!!
Pikel misses you.
You thump Pikel!
Pikel is heavily wounded.
Pikel hits you with a +1 whip of electrocution.
You are electrocuted!!
You die...

...# ###........# ...##########
#.'........#
...##.......####.#........#
...''.......'....#........#
...##.......###..#.########
...............#.#.#......# ##
...................#......# #.
...........###.#..##......######.
###........# #.K@..'......'......
...........######.##......#######
....#####..........(.......# #
....#....########..#######.# #
#####....#######...## #.# #
....................######.# #
.#.#......................>######
##.#####...).........#.###.......
##...###........#....#.# #.######


You could see Pikel.

Vanquished Creatures
  A scorpion (D:4)
  2 hound skeletons (D:4)
  3 adders
  A worm (D:4)
  A dart slug (D:4)
  An orc (D:4)
  6 ball pythons
  3 bats
  5 endoplasms
  A giant cockroach (D:1)
  12 goblins
  11 hobgoblins
  5 jackals
  6 quokkas
  2 frilled lizards
  6 kobolds
  7 rats
73 creatures vanquished.

Notes
Turn   | Place    | Note
-------+----------+-------------------------------------------
     0 | D:1      | Hylith the Demigod Ice Elementalist began the quest for the
                  | Orb.
     0 | D:1      | Reached XP level 1. HP: 14/14 MP: 5/5
   360 | D:1      | Reached XP level 2. HP: 7/20 MP: 1/7
   740 | D:1      | Got Plato's Guide on Weightlessness
  2011 | D:2      | Reached XP level 3. HP: 26/26 MP: 7/9
  3110 | D:3      | Found Toixkeb's Distillery.
  3119 | D:3      | Bought a potion of curing for 36 gold pieces
  3170 | D:3      | Reached XP level 4. HP: 32/33 MP: 8/11
  3239 | D:3      | Noticed a black bear
  3371 | D:3      | Identified the +4 leather armour "Vuulexkei" {rF+ Will+}
  3654 | D:4      | Found a staircase to the Ecumenical Temple.
  3679 | D:4      | Reached skill level 1 in Fighting
  3685 | D:4      | HP: 1/35 [poisoned by a scorpion]
  4162 | D:4      | Reached XP level 5. HP: 35/40 MP: 14/14
  4345 | D:4      | Identified the +6 mace of Resumed Hostilities {vorpal,
                  | Will+ Str+3 Int-2 SInv}
  4461 | D:4      | Noticed Pikel
  4528 | D:3      | HP: 1/41 [Pikel/+1 whip of electrocution (4)]
  4915 | D:3      | Slain by Pikel

Illustrated notes

Levels and vault maps discovered:
D:1:      roderic_dead_forest, layout_basic,
          shapermc_ecumenical_altar_rom_forum, minmay_indecisive_spiral
D:2:      layout_basic
D:3:      minmay_skewed_foursquare, layout_basic, serial_shops, shop
D:4:      layout_basic, minmay_temple_entry_stoned_glass, st_stairs_6,
          uniq_sigmund, uniq_pikel

Skill      XL: |  1  2  3  4 |
---------------+-------------+-----
Ice Magic      | 4 |  4.0
Spellcasting   | 2 3 4 |  4.0
Dodging        | 2 |  2.0
Stealth        | 2 |  2.0
Fighting       | 1 |  1.9

Action                   |  1- 3 |  4- 6 || total
-------------------------+-------+-------++-------
Melee: Dagger            |    30 |    45 ||    75
       Unarmed           |     2 |       ||     2
       Punch             |       |     1 ||     1
       Mace              |       |     4 ||     4
 Cast: Freeze            |    77 |    39 ||   116
  Use: Potion            |       |     2 ||     2
 Stab: Sleeping          |     1 |       ||     1
Armor: Robe              |    19 |       ||    19
       Leather armour    |       |    38 ||    38
Dodge: Dodged            |    51 |    46 ||    97
